% Time on Ice - CALGARY FIREMEN
Lines # - Real PCT - Wanted PCT - Time Play
Normal Forward
1 - 32% - 36% - 15:21
2 - 27% - 31% - 12:55
3 - 23% - 23% - 10:50
4 - 17% - 10% - 8:09
Normal Defense
1 - 34% - 36% - 16:05
2 - 33% - 31% - 15:32
3 - 28% - 23% - 13:26
4 - 5% - 10% - 2:12
PP Forward
1 - 60% - 55% - 3:35
2 - 40% - 45% - 2:22
PP Defense
1 - 52% - 55% - 3:06
2 - 48% - 45% - 2:51
PK Forward
1 - 63% - 55% - 3:46
2 - 37% - 45% - 2:10
PK Defense
1 - 45% - 55% - 2:40
2 - 55% - 45% - 3:16
PK3 Forward
1 - 0% - 55%
2 - 0% - 45%
PK3 Defense
1 - 0% - 55%
2 - 0% - 45%
44 Forward
1 - 0% - 55%
2 - 0% - 45%
44 Defense
1 - 0% - 55%
2 - 0% - 45%
Last Minute Offensive  - 0:52
Last Minute Defensive  - 0:00
Total
Forward - 60:00
Defense - 60:00
% Time on Ice - SEATTLE GRUNGE
Lines # - Real PCT - Wanted PCT - Time Play
Normal Forward
1 - 30% - 37% - 14:25
2 - 32% - 33% - 15:12
3 - 25% - 23% - 11:57
4 - 13% - 7% - 6:20
Normal Defense
1 - 39% - 40% - 18:42
2 - 33% - 35% - 15:41
3 - 28% - 25% - 13:31
4 - 0% - 0% - 0:00
PP Forward
1 - 57% - 55% - 3:22
2 - 43% - 45% - 2:34
PP Defense
1 - 47% - 55% - 2:49
2 - 53% - 45% - 3:07
PK Forward
1 - 58% - 55% - 3:27
2 - 42% - 45% - 2:30
PK Defense
1 - 45% - 55% - 2:42
2 - 55% - 45% - 3:15
PK3 Forward
1 - 0% - 55%
2 - 0% - 45%
PK3 Defense
1 - 0% - 55%
2 - 0% - 45%
44 Forward
1 - 0% - 55%
2 - 0% - 45%
44 Defense
1 - 0% - 55%
2 - 0% - 45%
Last Minute Offensive  - 0:00
Last Minute Defensive  - 0:13
Total
Forward - 60:00
Defense - 60:00
Play-by-Play 1st period 0:01 of 1st period - Filip Forsberg wins face-off versus Tyler Seguin in neutral zone. 0:04 of 1st period - Shot by Jake McCabe. 0:04 of 1st period - Shot Blocked by Brett Kulak. 0:06 of 1st period - Shot by Jamie Oleksiak. 0:06 of 1st period - Shot Misses the Net. 0:08 of 1st period - Shot by Jakob Silfverberg. 0:08 of 1st period - Stopped by Karel Vejmelka with a rebound. 1:08 of 1st period - Mason Marchment is hit by Brett Kulak and loses puck. 1:13 of 1st period - Shot by Ryan Johansen. 1:13 of 1st period - Shot Misses the Net. 1:55 of 1st period - Icing by Warren Foegele. 1:56 of 1st period - Travis Boyd wins face-off versus Yakov Trenin in SEATTLE GRUNGE zone. 1:56 of 1st period - Travis Boyd is hit by Sonny Milano. 2:06 of 1st period - Shot by Nico Sturm. 2:06 of 1st period - Stopped by Alex Nedeljkovic without a rebound. 2:07 of 1st period - Brett Howden wins face-off versus Sean Monahan in CALGARY FIREMEN zone. 2:33 of 1st period - Brett Howden is hit by William Borgen and loses puck. 2:37 of 1st period - Minor Penalty to Curtis Lazar for Hooking. 2:38 of 1st period - Filip Forsberg wins face-off versus William Nylander in SEATTLE GRUNGE zone. 3:03 of 1st period - Shot by Filip Forsberg. 3:03 of 1st period - Deflect By Jakob Silfverberg. 3:03 of 1st period - Shot Misses the Net. 3:05 of 1st period - Shot by Filip Forsberg. 3:05 of 1st period - Shot Misses the Net. 3:07 of 1st period - Shot by Mattias Janmark-Nylen. 3:07 of 1st period - Shot Misses the Net. 3:39 of 1st period - Shot by Mason Marchment. 3:39 of 1st period - Shot Misses the Net. 3:41 of 1st period - Shot by Jamie Oleksiak. 3:41 of 1st period - Shot Blocked by Kaiden Guhle. 3:43 of 1st period - Shot by Jamie Oleksiak. 3:43 of 1st period - Shot Blocked by Nikita Zaitsev. 3:54 of 1st period - Icing by Jamie Oleksiak. 3:55 of 1st period - Travis Boyd wins face-off versus Ryan Johansen in CALGARY FIREMEN zone. 4:20 of 1st period - Shot by Olli Maatta. 4:20 of 1st period - Stopped by Karel Vejmelka without a rebound. 4:21 of 1st period - Travis Boyd wins face-off versus Jakob Silfverberg in SEATTLE GRUNGE zone. 4:34 of 1st period - Shot by Mattias Janmark-Nylen. 4:34 of 1st period - Shot Blocked by Brett Kulak. 4:52 of 1st period - Shot by Jakub Vrana. 4:52 of 1st period - Goal by Jakub Vrana - CALGARY FIREMEN : 0 - SEATTLE GRUNGE : 1. 4:53 of 1st period - Travis Boyd wins face-off versus Brett Howden in neutral zone. 5:06 of 1st period - Warren Foegele is hit by Jamie Oleksiak. 5:20 of 1st period - Shot by Nico Sturm. 5:20 of 1st period - Stopped by Alex Nedeljkovic without a rebound. 5:21 of 1st period - Filip Forsberg wins face-off versus Sean Monahan in CALGARY FIREMEN zone. 6:27 of 1st period - Shot by William Nylander. 6:27 of 1st period - Shot Misses the Net. 6:33 of 1st period - Filip Forsberg is hit by William Nylander and loses puck. 6:41 of 1st period - Jakob Silfverberg is hit by Nikita Zaitsev. 7:17 of 1st period - Shot by Travis Boyd. 7:17 of 1st period - Stopped by Alex Nedeljkovic with a rebound. 7:19 of 1st period - Shot by Travis Boyd. 7:19 of 1st period - Stopped by Alex Nedeljkovic without a rebound. 7:20 of 1st period - Ryan Johansen wins face-off versus Jakub Vrana in CALGARY FIREMEN zone. 7:37 of 1st period - Shot by Oskar Lindblom. 7:37 of 1st period - Shot Misses the Net. 7:39 of 1st period - Shot by Mason Marchment. 7:39 of 1st period - Shot Misses the Net. 7:41 of 1st period - Shot by Nikita Zadorov. 7:41 of 1st period - Stopped by Karel Vejmelka without a rebound. 7:42 of 1st period - Michael McCarron wins face-off versus Travis Boyd in SEATTLE GRUNGE zone. 8:04 of 1st period - Travis Boyd is hit by Jamie Oleksiak and loses puck. 8:17 of 1st period - Shot by Brett Howden. 8:17 of 1st period - Stopped by Karel Vejmelka without a rebound. 8:18 of 1st period - Ryan Johansen wins face-off versus Tyler Seguin in SEATTLE GRUNGE zone. 8:31 of 1st period - Shot by Tyler Seguin. 8:31 of 1st period - Shot Blocked by Nikita Zadorov. 8:33 of 1st period - Shot by William Nylander. 8:33 of 1st period - Shot Misses the Net. 8:41 of 1st period - Olli Maatta is hit by Morgan Geekie and loses puck. 10:03 of 1st period - Off-side. 10:04 of 1st period - Travis Boyd wins face-off versus Brett Howden in neutral zone. 10:11 of 1st period - Shot by Travis Boyd. 10:11 of 1st period - Stopped by Alex Nedeljkovic without a rebound. 10:12 of 1st period - Travis Boyd wins face-off versus Yakov Trenin in CALGARY FIREMEN zone. 10:17 of 1st period - Shot by Warren Foegele. 10:17 of 1st period - Shot Blocked by Jordan Oesterle. 10:29 of 1st period - Icing by William Borgen. 10:30 of 1st period - Ryan Johansen wins face-off versus Travis Boyd in SEATTLE GRUNGE zone. 11:14 of 1st period - Olli Maatta is hit by Travis Sanheim and loses puck. 11:18 of 1st period - Icing by Travis Sanheim. 11:19 of 1st period - Sean Monahan wins face-off versus Filip Forsberg in SEATTLE GRUNGE zone. 11:19 of 1st period - Brett Kulak is hit by Filip Forsberg and loses puck. 11:58 of 1st period - Minor Penalty to Filip Forsberg for Interference. 11:59 of 1st period - Nico Sturm wins face-off versus Brett Howden in CALGARY FIREMEN zone. 12:54 of 1st period - Icing by Travis Sanheim. 12:55 of 1st period - Travis Boyd wins face-off versus Jakob Silfverberg in SEATTLE GRUNGE zone. 12:55 of 1st period - Travis Boyd is hit by Mason Marchment. 13:30 of 1st period - Shot by Morgan Geekie. 13:30 of 1st period - Stopped by Alex Nedeljkovic without a rebound. 13:31 of 1st period - Tyler Seguin wins face-off versus Brett Howden in CALGARY FIREMEN zone. 13:38 of 1st period - Shot by Tyler Seguin. 13:38 of 1st period - Shot Misses the Net. 14:11 of 1st period - Shot by Yakov Trenin. 14:11 of 1st period - Stopped by Karel Vejmelka without a rebound. 14:12 of 1st period - Filip Forsberg wins face-off versus Rem Pitlick in SEATTLE GRUNGE zone. 14:12 of 1st period - Mattias Janmark-Nylen is hit by William Borgen and loses puck. 15:11 of 1st period - Shot by William Nylander. 15:11 of 1st period - Stopped by Alex Nedeljkovic with a rebound. 15:13 of 1st period - Shot by William Nylander. 15:13 of 1st period - Shot Misses the Net. 15:15 of 1st period - Shot by William Nylander. 15:15 of 1st period - Shot Misses the Net. 15:53 of 1st period - Shot by Yakov Trenin. 15:53 of 1st period - Shot Blocked by Nikita Zaitsev. 16:46 of 1st period - Shot by Mason Marchment. 16:46 of 1st period - Shot Misses the Net. 16:48 of 1st period - Shot by Olli Maatta. 16:48 of 1st period - Shot Misses the Net. 16:50 of 1st period - Shot by Oskar Lindblom. 16:50 of 1st period - Stopped by Karel Vejmelka without a rebound. 16:51 of 1st period - Sean Monahan wins face-off versus Brett Howden in SEATTLE GRUNGE zone. 16:57 of 1st period - Icing by Curtis Lazar. 16:58 of 1st period - Sean Monahan wins face-off versus Brett Howden in SEATTLE GRUNGE zone. 17:06 of 1st period - Curtis Lazar is hit by Jamie Oleksiak and loses puck. 17:16 of 1st period - Sean Monahan is hit by Jake McCabe and loses puck. 17:33 of 1st period - Shot by Sean Monahan. 17:33 of 1st period - Stopped by Alex Nedeljkovic without a rebound. 17:34 of 1st period - Tyler Seguin wins face-off versus Yakov Trenin in CALGARY FIREMEN zone. 17:35 of 1st period - Shot by William Nylander. 17:35 of 1st period - Deflect By Tyler Seguin. 17:35 of 1st period - Stopped by Alex Nedeljkovic with a rebound. 17:36 of 1st period - Minor Penalty to Nikita Zadorov for High sticking. 17:37 of 1st period - Tyler Seguin wins face-off versus Filip Forsberg in CALGARY FIREMEN zone. 17:38 of 1st period - Shot by William Nylander. 17:38 of 1st period - Shot Blocked by Olli Maatta. 18:03 of 1st period - Nico Sturm is hit by Colton White and loses puck. 18:08 of 1st period - Shot by Nico Sturm. 18:08 of 1st period - Deflect By William Nylander. 18:08 of 1st period - Stopped by Alex Nedeljkovic with a rebound. 18:10 of 1st period - Shot by Brett Kulak. 18:10 of 1st period - Shot Blocked by Colton White. 18:12 of 1st period - Shot by Travis Sanheim. 18:12 of 1st period - Stopped by Alex Nedeljkovic without a rebound. 18:13 of 1st period - Travis Boyd wins face-off versus Jakob Silfverberg in CALGARY FIREMEN zone. 18:26 of 1st period - Shot by Morgan Geekie. 18:26 of 1st period - Stopped by Alex Nedeljkovic with a rebound. 19:03 of 1st period - Mason Marchment is hit by Morgan Geekie and loses puck. 19:28 of 1st period - Shot by William Nylander. 19:28 of 1st period - Shot Misses the Net. 19:30 of 1st period - Shot by Tyler Seguin. 19:30 of 1st period - Stopped by Alex Nedeljkovic without a rebound. 19:31 of 1st period - Tyler Seguin wins face-off versus Jakob Silfverberg in CALGARY FIREMEN zone. 19:34 of 1st period - Shot by William Nylander. 19:34 of 1st period - Goal by William Nylander - CALGARY FIREMEN : 0 - SEATTLE GRUNGE : 2. 19:35 of 1st period - Sean Monahan wins face-off versus Yakov Trenin in neutral zone. 19:38 of 1st period - Shot by Curtis Lazar. 19:38 of 1st period - Stopped by Alex Nedeljkovic without a rebound. 19:39 of 1st period - Sean Monahan wins face-off versus Yakov Trenin in CALGARY FIREMEN zone. Goals for this period are 0 for CALGARY FIREMEN vs 2 for SEATTLE GRUNGE. Shots for this period are 6 for CALGARY FIREMEN vs 16 for SEATTLE GRUNGE. 2nd period 0:01 of 2nd period - Ryan Johansen wins face-off versus Tyler Seguin in neutral zone. 0:14 of 2nd period - Minor Penalty to Nikita Zadorov for Cross-checking. 0:15 of 2nd period - Tyler Seguin wins face-off versus Filip Forsberg in CALGARY FIREMEN zone. 0:27 of 2nd period - Off-side. 0:28 of 2nd period - Filip Forsberg wins face-off versus Travis Boyd in neutral zone. 0:43 of 2nd period - Shot by Kaiden Guhle. 0:43 of 2nd period - Shot Blocked by Filip Forsberg. 1:40 of 2nd period - Shot by Nico Sturm. 1:40 of 2nd period - Shot Misses the Net. 2:18 of 2nd period - Shot by Sean Monahan. 2:18 of 2nd period - Shot Misses the Net. 2:21 of 2nd period - Icing by Yakov Trenin. 2:22 of 2nd period - Yak